 Dungeon Crawl Stone Soup version 0.29.1-15-g9cfb28693d (webtiles) character file.

Game seed: 4339329275010085445

59 protoss039 the Digger (level 3, -2/27 HPs)
             Began as a Demonspawn Earth Elementalist on Mar 25, 2023.
             Slain by a gnoll
             ... wielding a +0 flail
              (10 damage)
             ... on level 2 of the Dungeon.
             The game lasted 00:01:38 (1813 turns).

protoss039 the Digger (DsEE)                        Turns: 1813, Time: 00:01:38

Health: -2/27      AC:  3    Str:  8    XL:     3   Next: 78%
Magic:  5/7        EV: 11    Int: 18    God:
Gold:   153        SH:  0    Dex: 13    Spells: 1/7 levels left

rFire   . . .      SeeInvis .   d - +0 dagger
rCold   . . .      Faith    .   (no shield)
rNeg    . . .      Spirit   .   k - +0 leather armour
rPois   .          Reflect  .   (no helmet)
rElec   .          Harm     .   (no cloak)
rCorr   .          Rampage  .   (no gloves)
Will    .....                   (no boots)
Stlth   ++........              (no amulet)
HPRegen 0.09/turn               (no ring)
MPRegen 0.10/turn               (no ring)

@: no status effects
A: demonic touch 1
a: no special abilities


You were on level 2 of the Dungeon.
You visited 1 branch of the dungeon, and saw 2 of its levels.

You collected 153 gold pieces.

Inventory:

Hand Weapons
 d - a +0 dagger (weapon)
Armour
 k - a +0 leather armour (worn)
Jewellery
 j - a ring of fire
Scrolls
 c - 2 scrolls of identify {unknown}
 i - a scroll of poison {unknown}
 m - a scroll of amnesia {unknown}
Potions
 a - a potion of ambrosia {unknown}
 e - a potion of berserk rage {unknown}
 f - 2 potions of cancellation {unknown}
 g - 2 potions of might {unknown}
 h - 2 potions of curing {unknown}
 l - a potion of mutation {unknown}


   Skills:
 + Level 1.8 Fighting
 - Level 1.7 Dodging
 - Level 1.7 Stealth
 + Level 2.7 Spellcasting
 - Level 0.8 Transmutations
 + Level 3.3 Earth Magic


You had one spell level left.
You knew the following spells:

 Your Spells              Type           Power      Damage    Failure   Level
a - Sandblast             Erth           28%        2d8       6%          1
b - Passwall              Tmut/Erth      8%         N/A       16%         2
c - Stone Arrow           Conj/Erth      16%        3d8       36%         3

Your spell library contained the following spells:

 Spells                   Type           Power      Damage    Failure   Level
 Petrify                  Tmut/Erth      10%        N/A       71%         4


Dungeon Overview and Level Annotations

Branches:
Dungeon (2/15) Zot: 10164

Altars:

Shops:
D:2 :


Innate Abilities, Weirdness & Mutations

Your touch may inflict minor irresistible damage on your foes.


Message History

Unknown command.
Casting: Sandblast (safe; 6% risk of failure)
Confirm with . or Enter, or press ? or * to list all spells.
Aiming: Sandblast (safe; 6% risk of failure)
Press: ? - help, Shift-Dir - straight line, f/p - gnoll
Aim: a gnoll, wielding a +0 whip (heavily wounded, 84% to hit)
The blast of sand hits the gnoll.
The gnoll is almost dead.
The gnoll hits you with a +0 flail. The gnoll hits you with a +0 whip.
Unknown command.
Unknown command.
Magic courses through your body. The gnoll closely misses you.
The gnoll hits you but does no damage.
Casting: Sandblast (safe; 6% risk of failure)
Confirm with . or Enter, or press ? or * to list all spells.
Aiming: Sandblast (safe; 6% risk of failure)
Press: ? - help, Shift-Dir - straight line, f/p - gnoll
Aim: a gnoll, wielding a +0 whip (almost dead, 84% to hit)
The blast of sand hits the gnoll.
You kill the gnoll!
The gnoll misses you. The gnoll barely misses you.
Unknown command.
Casting: Sandblast (safe; 6% risk of failure)
Confirm with . or Enter, or press ? or * to list all spells.
Aiming: Sandblast (safe; 6% risk of failure)
Press: ? - help, Shift-Dir - straight line, f - gnoll
Aim: a gnoll, wielding a +0 flail (84% to hit)
The blast of sand hits the gnoll!
The gnoll is severely wounded.
The gnoll hits you with a +0 flail.
* * * LOW HITPOINT WARNING * * *
Casting: Sandblast (safe; 6% risk of failure)
Confirm with . or Enter, or press ? or * to list all spells.
Aiming: Sandblast (safe; 6% risk of failure)
Press: ? - help, Shift-Dir - straight line, f/p - gnoll
Aim: a gnoll, wielding a +0 flail (severely wounded, 84% to hit)
The blast of sand hits the gnoll.
The gnoll is almost dead.
The gnoll hits you with a +0 flail!
You die...

....#..### #.#
#####....# #.# ~~~~
##...####.# ~~~~
#######'#....# ≈~.≈
#......>..#### ~≈#
#.........# #####.## #
#.........###..#..$#...
#..........##..........
#........#.....@)).....
#........####...g......
#........# #..........
#........# #..#...#...
#........# #####.## .#
########## ≈~# ~ ≈~.≈
~~~~


You could see a gnoll.

Vanquished Creatures
  2 gnolls (D:2)
  5 bats (D:1)
  3 endoplasms (D:1)
  2 giant cockroaches (D:1)
  7 goblins (D:1)
  A hobgoblin (D:1)
  4 jackals (D:1)
  2 kobolds (D:1)
  A quokka (D:1)
  3 ball pythons
  3 frilled lizards (D:1)
  3 rats (D:1)
36 creatures vanquished.

Notes
Turn   | Place    | Note
-------+----------+-------------------------------------------
     0 | D:1      | protoss039 the Demonspawn Earth Elementalist began the
                  | quest for the Orb.
     0 | D:1      | Reached XP level 1. HP: 13/13 MP: 3/3
   115 | D:1      | Found a faded altar of an unknown god.
   115 | D:1      | Noticed an eye of devastation
   117 | D:1      | Noticed a floating eye
   120 | D:1      | Noticed a floating eye
   120 | D:1      | Noticed a golden eye
   131 | D:1      | Gained mutation: Your touch may inflict minor irresistible
                  | damage on your foes. [demonic ancestry]
   131 | D:1      | Reached XP level 2. HP: 9/20 MP: 0/5
   458 | D:1      | Reached skill level 1 in Fighting
   458 | D:1      | Reached skill level 3 in Earth Magic
   766 | D:1      | Reached XP level 3. HP: 26/26 MP: 1/6
  1204 | D:1      | Learned a level 2 spell: Passwall
  1214 | D:1      | Learned a level 3 spell: Stone Arrow
  1372 | D:2      | Found Caossew's Vocational Training.
  1813 | D:2      | Slain by a gnoll

Illustrated notes

Levels and vault maps discovered:
D:1:      wander_arrival_desolate, layout_loops_ring,
          hellmonk_ecumenical_altar_watching_god, minmay_cupped
D:2:      wad_lake_hut, layout_basic, nicolae_shop_vocational

Skill      XL: |  1  2 |
---------------+-------+-----
Fighting       | 1 |  1.8
Earth Magic    | 3 |  3.3
Dodging        | |  1.7
Stealth        | |  1.7
Spellcasting   | |  2.7
Transmutations | |  0.8

Action                   || total
-------------------------++-------
Melee: Dagger            ||    18
       Punch             ||     1
       Touch             ||     2
 Cast: Sandblast         ||    44
  Use: Potion            ||     1
 Stab: Sleeping          ||     1
Armor: Robe              ||     4
       Leather armour    ||     1
Dodge: Dodged            ||    29
